 Dungeon Crawl Stone Soup version 0.30-a0-137-gd8773701ce (webtiles) character file.

Game seed: 1419999621114383523

58 jasper the Cutter (level 3, -1/22 HPs)
             Began as a Deep Elf Berserker on Sept 23, 2022.
             Was a Believer of Trog.
             Slain by a gnoll
             ... wielding a +0 spear
              (6 damage)
             ... on level 2 of the Dungeon.
             The game lasted 00:03:04 (2048 turns).

jasper the Cutter (Deep Elf Berserker)              Turns: 2048, Time: 00:03:05

Health: -1/22      AC:  6    Str: 14    XL:     3   Next: 76%
Magic:  5/5        EV: 12    Int: 11    God:    Trog [**....]
Gold:   126        SH:  0    Dex: 16    Spells: 2/2 levels left

rFire   . . .      SeeInvis .    c - +0 sling
rCold   . . .      Faith    .    (no shield)
rNeg    . . .      Spirit   .    k - +0 leather armour
rPois   .          Reflect  .    (no helmet)
rElec   .          Harm     .    (no cloak)
rCorr   .          Rampage  .    (no gloves)
Will    .....                    d - +2 pair of boots
Stlth   +.........               (no amulet)
HPRegen 0.07/turn                (no ring)
MPRegen 0.09/turn                (no ring)

@: no status effects
A: no striking features
a: Renounce Religion, Berserk, Trog's Hand


You were on level 2 of the Dungeon.
You worshipped Trog.
Trog was pleased with you.
You visited 1 branch of the dungeon, and saw 2 of its levels.

You collected 126 gold pieces.

Inventory:

Hand Weapons
 a - a +0 short sword
 c - a +0 sling (weapon)
 e - a +1 antimagic dagger
Missiles
 f - 63 stones
Armour
 b - a +0 animal skin
 d - a +2 pair of boots (worn)
 k - a +0 leather armour (worn)
Jewellery
 n - a ring of ice
Scrolls
 g - a scroll of poison {unknown}
 h - 2 scrolls of enchant weapon {unknown}
 m - 2 scrolls of identify {unknown}
 p - a scroll of enchant armour {unknown}
 q - a scroll of teleportation {unknown}
Potions
 i - a potion of ambrosia {unknown}
 j - a potion of brilliance {unknown}
 l - 3 potions of cancellation {unknown}
 o - a potion of degeneration {unknown}
 r - a potion of curing {unknown}
 s - a potion of haste {unknown}


   Skills:
 - Level 2.6 Fighting
 - Level 3.5 Short Blades
 * Level 2.6 Ranged Weapons
 - Level 1.9 Armour
 - Level 2.9 Dodging


You had 2 spell levels left.
You didn't know any spells.
Your spell library was empty.

Dungeon Overview and Level Annotations

Branches:
Dungeon (2/15)

Altars:
Dithmenos


Message History

The gnoll hits you with a +0 whip.
You take 4 damage, and have 18/22 hp.
Fire: c) +0 sling
Press: ? - help, Q - select action, (/) - cycle Shift-Dir - straight line, f/p - gnoll
Aim: a gnoll, wielding a +0 whip (severely wounded, 63% to hit)
You shoot a sling bullet.
The sling bullet hits the gnoll but does no damage.
The gnoll is severely wounded.
The gnoll misses you. The gnoll hits you with a +0 whip.
The gnoll hits you from afar with a +0 spear.
The gnoll misses you.
You take 6 damage, and have 12/22 hp.
MASSIVE DAMAGE!!
Fire: c) +0 sling
Press: ? - help, Q - select action, (/) - cycle Shift-Dir - straight line, f/p - gnoll
Aim: a gnoll, wielding a +0 whip (severely wounded, 63% to hit)
You shoot a sling bullet.
The sling bullet barely misses the gnoll.
The sling bullet closely misses the gnoll.
The gnoll closely misses you. x2
You regained 2 hp, and now have 14/22 hp.
Fire: c) +0 sling
Press: ? - help, Q - select action, (/) - cycle Shift-Dir - straight line, f/p - gnoll
Aim: a gnoll, wielding a +0 whip (severely wounded, 63% to hit)
You shoot a sling bullet.
The sling bullet closely misses the gnoll.
The sling bullet hits the gnoll.
The gnoll is severely wounded.
Your skin stops crawling.
You feel less strong-willed. The gnoll hits you but does no damage.
The gnoll hits you with a +0 whip.
You take 2 damage, and have 12/22 hp.
Fire: c) +0 sling
Press: ? - help, Q - select action, (/) - cycle Shift-Dir - straight line, f/p - gnoll
Aim: a gnoll, wielding a +0 whip (severely wounded, 63% to hit)
You shoot a sling bullet.
The sling bullet barely misses the gnoll.
The sling bullet closely misses the gnoll.
The gnoll closely misses you. The gnoll hits you with a +0 whip!
* * * LOW HITPOINT WARNING * * *
The gnoll hits you from afar with a +0 spear.
You die...

###.....### ##
#.......## ..
#....##..# #.##
#....#...#### # #
#....#..†'..## .
# ######...##..##
... # #........#
#.... #
#.......)##......
#
#........@gg.....
#
#........####..##
#........#
#...###### ####


You could see 2 gnolls.

Vanquished Creatures
  2 adders (D:2)
  4 ball pythons
  6 bats
  3 endoplasms (D:1)
  6 goblins
  3 hobgoblins
  6 jackals
  2 kobolds
  A quokka (D:1)
  3 rats (D:1)
36 creatures vanquished.

Notes
Turn   | Place    | Note
-------+----------+-------------------------------------------
     0 | D:1      | jasper the Deep Elf Berserker began the quest for the Orb.
     0 | D:1      | Reached XP level 1. HP: 13/13 MP: 3/3
     2 | D:1      | Noticed a naga
     4 | D:1      | Noticed an ogre
     4 | D:1      | Noticed a gargoyle
     6 | D:1      | Noticed an octopode
     6 | D:1      | Noticed a minotaur
     8 | D:1      | Noticed a spriggan
     8 | D:1      | Noticed a demigod
    10 | D:1      | Noticed a draconian
    12 | D:1      | Noticed a human
    12 | D:1      | Noticed a meteoran
    14 | D:1      | Noticed a vampire
    14 | D:1      | Noticed a tengu
    16 | D:1      | Noticed a merfolk
    16 | D:1      | Noticed a vine stalker
    18 | D:1      | Noticed a troll
    18 | D:1      | Noticed a formicid
    20 | D:1      | Noticed a demonspawn
    22 | D:1      | Noticed an elf
    22 | D:1      | Noticed a ghoul
    24 | D:1      | Noticed a demonspawn
    24 | D:1      | Noticed a palentonga
    26 | D:1      | Noticed an octopode
   478 | D:1      | Reached XP level 2. HP: 14/18 MP: 4/4
   989 | D:1      | Reached ** piety under Trog
  1212 | D:1      | Reached XP level 3. HP: 22/22 MP: 5/5
  1244 | D:1      | Found a faded altar of an unknown god.
  1511 | D:2      | Identified the +1 chain mail of Greed {-Tele Fly rPois
                  | rC+++ Slay-5}
  1589 | D:2      | Reached skill level 1 in Ranged Weapons
  1886 | D:2      | Found a shadowy altar of Dithmenos.
  2032 | D:2      | Identified the +9 hand axe of the Brewing Gods {pain, rC-
                  | rN+ Str+5 SInv}
  2048 | D:2      | Slain by a gnoll

Illustrated notes

Levels and vault maps discovered:
D:1:      kb_arrival_jail, layout_basic, ebering_ecumenical_altar_abandoned,
          chequers_serial_rivers_small_b, roderic_three_in_a_row, nrook_uturn
D:2:      layout_basic, basic_altar

Skill      XL: |  1  2  3 |
---------------+----------+-----
Ranged Weapons | 2 |  2.6
Fighting       | |  2.6
Short Blades   | |  3.5
Armour         | |  1.9
Dodging        | |  2.9

Action                   || total
-------------------------++-------
Melee: Short sword       ||    68
       Punch             ||     1
 Fire: Sling             ||    88
Invok: Trog's Hand       ||     1
Armor: Animal skin       ||    35
       Leather armour    ||    19
Dodge: Dodged            ||   123

Table legend: (Time is in decaauts)
 A = Elapsed time spent in this place.
 B = Non-inter-level travel time spent in this place.
 C = Inter-level travel time spent in this place.
 D = Time resting spent in this place.
 E = Time spent auto-exploring this place.
 F = Levels seen in this place.
 G = Mean time per level.
                   A        B        C        D        E       F      G
               +--------+--------+--------+--------+--------+-----+--------+
         Total |   2065 |   2013 |     52 |    192 |   1430 |   2 | 1032.5 |
       Dungeon |   2065 |   2013 |     52 |    192 |   1430 |   2 | 1032.5 |
               +--------+--------+--------+--------+--------+-----+--------+

Top non-repeatable levels by time:
     D:1: 1361 daAuts
     D:2: 703 daAuts
